 Dungeon Crawl Stone Soup version 0.20-a0-470-gbb038bd (webtiles) character file.

5 Amnesiac the Magician (level 1, -3/13 HPs)
             Began as a Mummy Enchanter on Jan 13, 2017.
             Slain by Terence
             ... wielding a +1 flail of holy wrath
              (5 damage)
             ... on level 1 of the Dungeon.
             The game lasted 00:00:42 (368 turns).

Amnesiac the Magician (Mummy Enchanter)              Turns: 368, Time: 00:00:43

Health: -3/13      AC:  5    Str: 11    XL:     1   Next: 66%
Magic:  4/4        EV: 10    Int: 14    God:
Gold:   32         SH:  0    Dex: 12    Spells: 4/5 levels left

rFire  x . .     SeeInvis .     a - +1 dagger
rCold  + . .     Gourm    .     f - +0 ring mail
rNeg   + + +     Faith    .     (no shield)
rPois  ∞         Spirit   .     (no helmet)
rElec  .         Reflect  .     (no cloak)
rCorr  .         Harm     .     (no gloves)
MR     .....                    (no boots)
Stlth  +.........               (no amulet)
                                (no ring)
                                (no ring)

@: no status effects
A: no food or potions, fire vulnerability, cold resistance 1, negative energy
resistance 3, torment resistance, unbreathing
a: no special abilities


You were on level 1 of the Dungeon.
You were not hungry.

You visited 1 branch of the dungeon, and saw 2 of its levels.

You collected 32 gold pieces.

Inventory:

Hand Weapons
 a - a +1 dagger (weapon)
Armour
 b - a +0 robe
 f - a +0 ring mail (worn)
Scrolls
 d - a scroll of noise {unknown}
 e - a scroll of amnesia {unknown}
Books
 c - a book of Maledictions

   Spells                             Type                      Level
   a - Corona                         Hexes                        1
   b - Ensorcelled Hibernation        Hexes/Ice                    2
   c - Confuse                        Hexes                        3
   d - Tukima's Dance                 Hexes                        3
   e - Dazzling Spray                 Conjuration/Hexes            3


   Skills:
 - Level 0.7 Short Blades
 - Level 1.5 Dodging
 - Level 2.4 Stealth
 + Level 2.9 Spellcasting
 * Level 2.9 Hexes


You had 4 spell levels left.
You knew the following spells:

 Your Spells              Type           Power        Failure   Level  Hunger
f - Corona                Hex            ##.....      17%         1    N/A

Dungeon Overview and Level Annotations

Branches:
Dungeon (2/15)

Altars:

Annotations:
D:1 Terence


Innate Abilities, Weirdness & Mutations

You do not eat or drink.
Your flesh is vulnerable to fire.
You are immune to poison.
Your flesh is cold resistant. (rC+)
You are immune to negative energy. (rN+++)
You are immune to unholy pain and torment.
You can survive without breathing.


Message History

The bat misses you. The bat barely misses you. The bat closely misses you.
The bat hits you but does no damage. The bat hits you.
Terence rages.
The bat hits you but does no damage. The bat hits you but does no damage.
The bat closely misses you. The bat barely misses you.
The bat closely misses you. The bat hits you but does no damage.
Terence rages.
The bat barely misses you. The bat hits you but does no damage.
The bat closely misses you. The bat hits you but does no damage.
The bat barely misses you.
Terence rages.
Terence hits you with a flail of holy wrath!
Ouch! That really hurt!
* * * LOW HITPOINT WARNING * * *
You convulse.
You die...

###.⌠.# #.# #.#.#
......# #.# #..
#.# ..##.## #.#
#.# #.#
......#####.# #.#
#.# ###.⌠.#.....#
#.# #.#
###...###.### #.#
#.# .####.#...#
#.# #.# .#
##.#...# #.# #.#
.###..#...######@#
#.#
##...##........#@#
#.#
...####..#####.#b#
#.# ####
#..#####.#.####.#
#........#......#
#.#############.#
#.# ### ###


You could see Terence (berserk) and a bat.

Vanquished Creatures
  A giant cockroach (D:1)
  A hobgoblin (D:1)
  2 bats (D:1)
  A kobold (D:1)
5 creatures vanquished.

Notes
Turn   | Place    | Note
-------+----------+-------------------------------------------
     0 | D:1      | Amnesiac the Mummy Enchanter began the quest for the Orb.
     0 | D:1      | Reached XP level 1. HP: 13/13 MP: 4/4
   342 | D:2      | Noticed Terence
   368 | D:1      | Slain by Terence

Vault maps used:
D:1:      dpeg_arrival_chambers_temple_mockup
D:2:      serial_forest, infiniplex_forest_end_2, infiniplex_forest_straight_2,
          infiniplex_forest_lined_ring, infiniplex_forest_zigzag_1,
          infiniplex_forest_clump_double, infiniplex_forest_end_2, first_bread,
          hangedman_abyss_or_decor_stabs, minmay_tree_intersection,
          nicolae_ashenzari_panopticon, uniq_natasha, uniq_robin, uniq_terence

Action                   || total
-------------------------++-------
Melee: Dagger            ||    22
 Cast: Corona            ||     5
 Stab: Sleeping          ||     1
Armor: Ring mail         ||    23
Dodge: Dodged            ||    33
